 Dungeon Crawl Stone Soup version 0.18.1-48-g4cf74bf (webtiles) character file.

60 Rhoefr the Charlatan (level 3, 14/30 HPs)
             Began as a Deep Dwarf Artificer on June 11, 2016.
             Quit the game on level 2 of the Dungeon on Aug 14, 2016.
             The game lasted 00:14:47 (1210 turns).

Rhoefr the Charlatan (Deep Dwarf Artificer)         Turns: 1210, Time: 00:14:47

Health: 14/30      AC:  3    Str: 15    XL:     3   Next: 80%
Magic:  7/7        EV: 12    Int: 12    God:
Gold:   65         SH:  0    Dex: 13    Spells: 0 memorised, 2 levels left

rFire  . . .     SeeInvis .     a - +0 mace
rCold  . . .     Gourm    .     l - +0 leather armour
rNeg   . . .     Faith    .     (no shield)
rPois  .         Spirit   .     (no helmet)
rElec  .         Dismiss  .     (no cloak)
rCorr  .         Reflect  .     (no gloves)
SustAt .         Harm     .     (no boots)
MR     .....                    (no amulet)
Stlth  +.........               (no ring)
                                (no ring)

@: non-regenerating, not resistant to hostile enchantments, very unstealthy
A: damage resistance, recharge devices, sense surroundings 1, slow regeneration
3
a: Device Recharging


You were on level 2 of the Dungeon.
You were very hungry.

You visited 1 branch of the dungeon, and saw 2 of its levels.

You collected 65 gold pieces.

Inventory:

Hand Weapons
 a - a +0 mace (weapon)
 b - a +4 hunting sling of flaming
 j - a +0 short sword
 u - a +0 club
Missiles
 k - 7 sling bullets
 m - 51 stones (quivered)
Armour
 l - a +0 leather armour (worn)
 n - a +0 chain mail
 r - a +0 large shield
Jewellery
 h - an uncursed amulet of guardian spirit {unknown}
 s - a -3 ring of evasion
Wands
 c - a wand of flame (6/48)
 d - a wand of enslavement (15/24)
 e - a wand of random effects (15/48)
 f - a wand of heal wounds (4/9)
 t - a wand of teleportation (5/9)
Scrolls
 p - a scroll of identify {unknown}
 q - 2 scrolls of magic mapping {unknown}
Comestibles
 g - a bread ration
 i - 2 beef jerkies
 o - a royal jelly


   Skills:
 - Level 0.8 Fighting
 - Level 0.8 Short Blades
 - Level 2.1 Dodging
 - Level 1.2 Stealth
 + Level 6.3 Evocations


You had 2 spell levels left.
You didn't know any spells.

Dungeon Overview and Level Annotations

Branches:
Dungeon (2/15)

Altars:
Cheibriados


Innate Abilities, Weirdness & Mutations

You are resistant to damage.
You can recharge devices by infusing magical energy.
You passively map a small area around you.
You do not regenerate naturally.


Message History

The giant gecko bites you but does no damage.
You miss the giant gecko.
The giant gecko is heavily wounded.
The giant gecko hisses menacingly.
The giant gecko barely misses you.
You miss the giant gecko.
The giant gecko is heavily wounded.
The giant gecko bites you. The giant gecko misses you.
You hit the giant gecko.
You kill the giant gecko!
k - 7 sling bullets (gained 2)
Things that are here:
a giant gecko corpse; an adder corpse A quokka comes into view.
The quokka moves out of view.
Unknown command.
Unknown command.
Welcome back, Rhoefr the Deep Dwarf Artificer.
Press ? for a list of commands and other information.
Are you sure you want to abandon this character and quit the game? (Confirm with "yes".)

######.####.##....#
##......#..........#
##........÷.........#
#...)............####
#................# ##
#................# #.
#................####.
#.................##..
###########(†..@..(..........).#
#............................<..
#..........#...................#
#............###.....#..#.......
#...(.....#### #.....#....>.....
#.........# ##....#..#........
#.........#####..#....###......#
#...>.....##.........#####.....#
######.#####.#.#.........#.....#


There were no monsters in sight!

Vanquished Creatures
  3 adders (D:2)
  A dart slug (D:2)
  A giant gecko (D:2)
  3 giant cockroaches (D:2)
  4 goblins
  4 hobgoblins
  7 kobolds
  3 bats
  A giant newt (D:1)
  3 rats (D:1)
30 creatures vanquished.

Notes
Turn   | Place    | Note
--------------------------------------------------------------
     0 | D:1      | Rhoefr the Deep Dwarf Artificer began the quest for the Orb.
     0 | D:1      | Reached XP level 1. HP: 16/16 MP: 3/3
   262 | D:1      | Reached XP level 2. HP: 24/24 MP: 5/5
   492 | D:2      | Found a snail-covered altar of Cheibriados.
   518 | D:2      | Reached skill level 5 in Evocations
   802 | D:2      | Reached XP level 3. HP: 27/30 MP: 7/7
   856 | D:2      | Reached skill level 6 in Evocations
  1210 | D:2      | Upgraded the game from 0.18.1-8-gdd0e5ea to 0.18.1-48-g4cf74bf
  1210 | D:2      | Quit the game

Skill      XL: |  1  2  3 |
---------------+----------+-----
Evocations     | 5 6 |  6.3
Fighting       | |  0.8
Short Blades   | |  0.8
Dodging        | |  2.1
Stealth        | |  1.2

Action                   || total
-------------------------++-------
Melee: Mace              ||    95
       Short sword       ||    12
 Fire: Hunting sling     ||    15
Evoke: Wand              ||    10
  Use: Scroll            ||     6
       Potion            ||     1
Armor: Leather armour    ||    32
Dodge: Dodged            ||    79
